 Dungeon Crawl Stone Soup version 0.21-a0-509-gecc5317 (webtiles) character file.

25 Laiders the Ruffian (level 2, -1/23 HPs)
             Began as a Draconian Transmuter on Nov 30, 2017.
             Slain by a gnoll
             ... wielding a +0 whip
              (3 damage)
             ... on level 2 of the Dungeon.
             The game lasted 00:01:29 (607 turns).

Laiders the Ruffian (Draconian Transmuter)           Turns: 607, Time: 00:01:30

Health: -1/23      AC:  4    Str: 12    XL:     2   Next: 82%
Magic:  3/5        EV: 12    Int: 13    God:
Gold:   97         SH:  0    Dex: 11    Spells: 2/5 levels left

rFire    . . .     SeeInvis .     - Unarmed
rCold    . . .     Gourm    .   (no shield)
rNeg     . . .     Faith    .   (armour unavailable)
rPois    +         Spirit   .   (helmet restricted)
rElec    .         Reflect  .   (no cloak)
rCorr    .         Harm     .   (no gloves)
MR       .....                  (no boots)
Stlth    +.........             (no amulet)
HPRegen  0.07/turn              f - ring of poison resistance
MPRegen  0.09/turn              (no ring)

@: no status effects
A: unfitting armour, cold-blooded, AC +4
a: no special abilities


You were on level 2 of the Dungeon.
You were not hungry.

You visited 1 branch of the dungeon, and saw 2 of its levels.

You collected 97 gold pieces.

Inventory:

Missiles
 a - 11 arrows
Jewellery
 f - a ring of poison resistance (left hand)
Scrolls
 d - 2 scrolls of remove curse {unknown}
 e - a scroll of magic mapping {unknown}
 g - 2 scrolls of teleportation {unknown}
 j - a scroll of amnesia {unknown}
 k - a scroll of enchant weapon {unknown}
Potions
 i - a potion of degeneration {unknown}
 l - a potion of lignification {unknown}
 m - a potion of haste {unknown}
Books
 b - a book of Changes

   Spells                             Type                      Level
   a - Beastly Appendage              Transmutation                1
   b - Sticks to Snakes               Transmutation                2
   c - Spider Form                    Transmutation/Poison         3
   d - Ice Form                       Ice/Transmutation            4
   e - Blade Hands                    Transmutation                5
Comestibles
 c - 2 bread rations
 h - 7 chunks of flesh


   Skills:
 - Level 1.1 Fighting
 - Level 1.7 Dodging
 + Level 3.4 Unarmed Combat
 + Level 2.4 Spellcasting
 + Level 2.5 Transmutations


You had 2 spell levels left.
You knew the following spells:

 Your Spells              Type           Power        Failure   Level  Hunger
a - Beastly Appendage     Tmut           #.....       9%          1    #......
b - Sticks to Snakes      Tmut           #.......     13%         2    ###....


Dungeon Overview and Level Annotations

Branches:
Dungeon (2/15)

Altars:


Innate Abilities, Weirdness & Mutations

Your plain brown scales are hard. (AC +4)
You cannot fit into any form of body armour.
You are cold-blooded and may be slowed by cold attacks.


Message History

The gnoll is moderately wounded.
The gnoll barely misses you.
You hit the gnoll.
Your tail-slap misses the gnoll.
The gnoll is heavily wounded.
The gnoll hits you with a club.
You hit the gnoll.
Your tail-slap misses the gnoll.
The gnoll is heavily wounded.
You closely miss the gnoll.
The gnoll is heavily wounded.
The gnoll barely misses you. The gnoll hits you with a whip!
You hit the gnoll. You punch the gnoll, but do no damage.
The gnoll is heavily wounded.
The gnoll hits you with a club. The gnoll hits you with a whip.
* * * LOW HITPOINT WARNING * * *
You hit the gnoll.
You kill the gnoll!
The gnoll misses you.
Your horns disappear.
The gnoll hits you with a whip.
You die...

)# #....# #.# .# #...##
#.# .####>..# #.#
........### #.#####
.#####....#####.....#
...###......รท.....#.#
.#.....##.#######.#.######
...######.# #..........
.### #.# #@#..#.### .# #.#
#gg...# .# #.# ##.#.## .#
#.# #)#... ># #.# #(...##
.# #..(.. .# .......
........ ......<##


You could see 2 gnolls.

Vanquished Creatures
  A gnoll (D:2)
  2 leopard geckos (D:2)
  2 bats (D:1)
  A giant cockroach (D:1)
  2 goblins (D:1)
  3 jackals (D:2)
  2 rats (D:1)
13 creatures vanquished.

Notes
Turn   | Place    | Note
-------+----------+-------------------------------------------
     0 | D:1      | Laiders the Draconian Transmuter began the quest for the Orb.
     0 | D:1      | Reached XP level 1. HP: 16/16 MP: 3/3
   471 | D:2      | Reached XP level 2. HP: 20/23 MP: 3/5
   507 | D:2      | Learned a level 2 spell: Sticks to Snakes
   607 | D:2      | Slain by a gnoll

Vault maps used:
D:1:      dpeg_arrival_arbitrary_c
D:2:      makhleb_blood_cavern_becter, uniq_jessica

Action                   || total
-------------------------++-------
Melee: Unarmed           ||    40
       Tailslap          ||     3
       Punch             ||     1
 Cast: Beastly Appendage ||     3
       Sticks to Snakes  ||     1
Armor: Skin              ||    11
Dodge: Dodged            ||    21

Table legend:
 A = Spawn XP
 B = Non-spawn XP
 C = Spawn XP percentage of total XP
 D = Spawn monster count
 E = Non-spawn monster count
 F = Spawn count percentage of total count
 G = Total turns spent on level
                    A         B        C        D         E        F      G
               +---------+---------+-------+---------+---------+-------+---------
         Total |       0 |      36 |   0.0 |       0 |      13 |   0.0 |   607
               +---------+---------+-------+---------+---------+-------+---------
           D:1 |       0 |      10 |   0.0 |       0 |       7 |   0.0 |   465
           D:2 |       0 |      26 |   0.0 |       0 |       6 |   0.0 |   142
               +---------+---------+-------+---------+---------+-------+---------
